 Dungeon Crawl Stone Soup version 0.32-a0-40-g2adb59ae06 (webtiles) character file.

Game seed: 232984159096165170

121 Newt the Ducker (level 5, -10/36 HPs)
             Began as an Octopode Shapeshifter on Jan 24, 2024.
             Mangled by a crocodile (12 damage)
             ... in a sewer.
             The game lasted 00:03:06 (2166 turns).

Newt the Ducker (Octopode Shapeshifter)             Turns: 2166, Time: 00:03:07

Health: -10/36     AC:  1    Str: 13    XL:     5   Next: 5%
Magic:  5/5        EV: 14    Int: 12    God:
Gold:   231        SH:  0    Dex: 14    Spells: 4/4 levels left

rFire   . .          .
                       - Unarmed
rCold   . . .        (no shield)
rNeg    . . .        (helmet currently unavailable)
rPois   .            (no amulet)
rElec   .            (no ring)
rCorr   .            (no ring)
SInv    .            (no ring)
Will    .....        (no ring)
Stlth   ++           (no ring)
HPRegen 0.26/turn    (no ring)
MPRegen 0.09/turn    (no ring)
                     (no ring)

%: no passive effects
@: beast-form, hasted, very quick
A: beast (slay +1), almost no armour, amphibious, 8 rings, camouflage 1,
gelatinous body 1, (nimble swimmer 1), tentacles
a: Begin Untransformation


You were in a sewer.
You were a hulking beast.
You visited 1 branch of the dungeon, and saw 3 of its levels.
You also visited: Sewer.

You collected 231 gold pieces.

Inventory:

Talismans
 b - a beast talisman
 c - a flux talisman
 f - a blade talisman
Scrolls
 h - a scroll of fear {unknown}
Potions
 a - a potion of lignification
 d - a potion of degeneration {unknown}
 g - a potion of haste
 i - 2 potions of resistance {unknown}
 k - 2 potions of attraction {unknown}


   Skills:
 - Level 3.0 Fighting
 - Level 4.0 Dodging
 - Level 3.0 Unarmed Combat
 * Level 3.1 Shapeshifting


You had 4 spell levels left.
You didn't know any spells.
Your spell library contained the following spells:

 Spells                   Type           Power      Damage    Failure   Level
 Cigotuvi's Dreadful Rot  Necr/Alch/Air  0%         N/A       45%         2
 Ignite Poison            Fire/Alch      0%         N/A       97%         4
 Freezing Cloud           Conj/Ice/Air   0%         6-21      100%        5


Dungeon Overview and Level Annotations

Branches:
Dungeon (3/15)              Sewer (1/1)

Altars:
Vehumet


Innate Abilities, Weirdness & Mutations

You are a hulking beast.
Your limbs bulge with bestial killing power. (Slay +1)
You cannot wear most types of armour.
You are amphibious.
You can wear up to eight rings at the same time.
Your skin changes colour to match your surroundings (Stealth+).
Your rubbery body absorbs attacks. (AC +1, EV +1)
((You are camouflaged when in or above water. (Stealth+)))
You have tentacles for arms and can constrict up to eight enemies at once.


Message History

Okay, then.
Found a book of Frost.
Okay, then.
Found a scroll of enchant weapon and a scroll labelled HIVISELO OCSIU.
You tentacle-slap the crocodile.
You squeeze the crocodile, but do no damage.
The crocodile is lightly wounded.
The crocodile closely misses you.
You tentacle-slap the crocodile. You squeeze the crocodile.
The crocodile is moderately wounded.
The crocodile barely misses you.
You closely miss the crocodile.
The crocodile is moderately wounded.
The crocodile closely misses you.
You tentacle-slap the crocodile but do no damage.
The crocodile is moderately wounded.
The crocodile misses you.
You barely miss the crocodile.
The crocodile is moderately wounded.
The crocodile bites you. The crocodile drags you backwards!
You closely miss the crocodile.
You squeeze the crocodile, but do no damage.
The crocodile is moderately wounded.
The crocodile bites you! The crocodile drags you backwards!
You tentacle-slap the crocodile.
The crocodile is heavily wounded.
The crocodile bites you!
Unknown command.
You feel better. The crocodile misses you.
You tentacle-slap the crocodile.
The crocodile is heavily wounded.
The crocodile bites you!
* * * LOW HITPOINT WARNING * * *
You feel better. The crocodile closely misses you.
You tentacle-slap the crocodile.
The crocodile is severely wounded.
The crocodile bites you!
* * * LOW HITPOINT WARNING * * *
It was a potion of haste.
You feel yourself speed up. The crocodile bites you!
You die...

########
###.~..~.### ###
##.~~.~..~..### ?:#
....~####.~..~##~$#
...### ###...~.###
..## ##~...hl# ...#
#...~.### ..~..#
#~....##~)#
##..~~...~..### ?(#
##.~..~.## ###
######


You could see a crocodile.

Vanquished Creatures
  2 adders (D:2)
  A gnoll (D:2)
  4 dart slugs
  2 ribbon worms
  4 orcs (D:3)
  3 bats
  7 endoplasms
  3 giant cockroaches
  3 goblins
  6 hobgoblins
  9 jackals
  3 quokkas
  A ball python (D:1)
  4 frilled lizards
  8 kobolds
  15 rats
75 creatures vanquished.

Notes
Turn   | Place    | Note
-------+----------+-------------------------------------------
     0 | D:1      | Newt the Octopode Shapeshifter began the quest for the Orb.
     0 | D:1      | Reached XP level 1. HP: 13/13 MP: 1/1
   190 | D:1      | Reached XP level 2. HP: 19/19 MP: 2/2
   784 | D:2      | Reached XP level 3. HP: 25/25 MP: 3/3
  1051 | D:2      | Reached skill level 3 in Dodging
  1051 | D:2      | Reached XP level 4. HP: 31/31 MP: 4/4
  1210 | D:2      | Found a faded altar of an unknown god.
  1799 | D:3      | Found a radiant altar of Vehumet.
  2066 | D:3      | Reached skill level 4 in Dodging
  2074 | D:3      | Found a glowing drain.
  2082 | Sewer    | Entered a sewer
  2095 | Sewer    | Reached XP level 5. HP: 35/36 MP: 5/5
  2150 | Sewer    | Noticed a crocodile
  2166 | Sewer    | Mangled by a crocodile

Illustrated notes

Levels and vault maps discovered:
D:1:      kennysheep_arrival_forest, layout_loops_ring
D:2:      layout_loops_cross, nicolae_ecumenical_lake_church,
          minmay_small_reverse_x
D:3:      layout_loops_cross, nicolae_vehumet_altar_sigil,
          gup_sewer_entry_bubbles
Sewer:    sewer_the_crocodile

Skill      XL: |  1  2  3  4 |
---------------+-------------+-----
Fighting       | 2 3 |  3.0
Dodging        | 3 4 |  4.0
Unarmed Combat | |  3.0
Shapeshifting  | |  3.1

Action                     |  1- 3 |  4- 6 || total
---------------------------+-------+-------++-------
  Melee: Unarmed           |    74 |    75 ||   149
         Tentacles         |    12 |    18 ||    30
         Constrict         |    16 |    19 ||    35
         Punch             |     3 |     1 ||     4
    Use: Scroll            |       |     5 ||     5
         Potion            |       |     3 ||     3
   Stab: Sleeping          |     6 |     7 ||    13
 Armour: Skin              |    27 |    30 ||    57
  Dodge: Dodged            |    34 |    37 ||    71

Table legend: (Time is in decaauts)
 A = Elapsed time spent in this place.
 B = Non-inter-level travel time spent in this place.
 C = Inter-level travel time spent in this place.
 D = Time resting spent in this place.
 E = Time spent auto-exploring this place.
 F = Levels seen in this place.
 G = Mean time per level.
                   A        B        C        D        E       F      G
               +--------+--------+--------+--------+--------+-----+--------+
         Total |   2157 |   2036 |    121 |     43 |   1468 |   4 |  539.2 |
       Dungeon |   2074 |   1953 |    121 |     43 |   1420 |   3 |  691.3 |
         Sewer |     82 |     82 |      0 |      0 |     48 |   1 |   82.0 |
               +--------+--------+--------+--------+--------+-----+--------+

Top non-repeatable levels by time:
     D:2: 972 daAuts
     D:1: 780 daAuts
     D:3: 321 daAuts
   Sewer: 82 daAuts
